 Dungeon Crawl Stone Soup version 0.19.1-1-g22dce08 (webtiles) character file.

64313 galech the Spear-Bearer (level 14, -6/127 HPs)
             Began as a Mottled Draconian Berserker on Jan 10, 2017.
             Was a High Priest of Trog.
             Mangled by a spiny frog (18 damage)
             ... on level 6 of the Lair of Beasts.
             The game lasted 01:13:33 (28048 turns).

galech the Spear-Bearer (DrBe)                     Turns: 28048, Time: 01:13:34

Health: -6/127     AC: 10    Str: 27    XL:     14   Next: 71%
Magic:  4/4        EV: 17    Int: 10    God:    Trog [*****.]
Gold:   1205       SH: 20    Dex: 12    Spells: 0 memorised, 13 levels left

rFire  . . .     SeeInvis .     P - +2 demon trident (antimagic)
rCold  . . .     Gourm    +     (armour unavailable)
rNeg   . . .     Faith    .     r - +0 large shield
rPois  .         Spirit   .     j - +0 hat
rElec  .         Reflect  .     c - +0 cloak
rCorr  .         Harm     .     (no gloves)
MR     +++..     Clarity  +     T - +0 pair of boots
Stlth  +++.......               l - amulet of the gourmand
                                S - +4 ring of strength
                                s - +2 ring of evasion

@: lethally poisoned (-6 -> -6), about to teleport, regenerating
A: breathe sticky flame splash, unfitting armour, clarity, clever 1,
cold-blooded, AC +8
a: Breathe Sticky Flame, Berserk, Trog's Hand, Brothers in Arms, Burn
Spellbooks, Renounce Religion


You were on level 6 of the Lair of Beasts.
You worshipped Trog.
Trog was extremely pleased with you.
You were very full.

You visited 2 branches of the dungeon, and saw 18 of its levels.
You also visited: Labyrinth.

You collected 1205 gold pieces.

Inventory:

Hand Weapons
 D - a +8 trident of piercing
 K - the +6 flail of the Vase {crush, rN+}
   (You found it on level 1 of the Lair of Beasts)

   It inflicts extra damage upon your enemies.
   It protects you from negative energy.
 L - a +3 halberd
 P - a +2 antimagic demon trident (weapon)
 Z - a +1 antimagic trident
Missiles
 I - 5 javelins of returning (quivered)
Armour
 c - a +0 cloak (worn)
 j - a +0 hat (worn)
 r - a +0 large shield (worn)
 T - a +0 pair of boots (worn)
Jewellery
 l - an amulet of the gourmand (around neck)
 n - a +2 ring of evasion
 s - a +2 ring of evasion (left hand)
 v - an uncursed ring of protection from fire
 E - an uncursed ring of positive energy
 S - a +4 ring of strength (right hand)
 U - an uncursed ring of ice {unknown}
Wands
 e - a wand of flame (19/48)
Scrolls
 a - 5 scrolls of fog
 d - 5 scrolls of amnesia
 f - 5 scrolls of remove curse
 h - 6 scrolls of teleportation
 i - 3 scrolls of magic mapping
 o - 7 scrolls of enchant armour
 y - 3 scrolls of recharging
 F - a scroll of brand weapon {unknown}
 J - a scroll of blinking
 M - a scroll of fear
Potions
 g - 3 potions of ambrosia
 q - 3 potions of brilliance
 t - 3 potions of agility
 u - a potion of magic {unknown}
 A - 2 potions of might
 B - a potion of haste {unknown}
 G - 7 potions of curing
 H - 2 potions of berserk rage {unknown}
 N - 2 potions of resistance
 Y - 2 potions of heal wounds {unknown}
Books
 w - the Grimoire of Bewitching Heat
   (You found it in a labyrinth)

   Spells                             Type                      Level
   a - Spectral Weapon                Hexes/Charms                 3
   b - Bolt of Magma                  Conjuration/Fire/Earth       5
   c - Fireball                       Conjuration/Fire             5
   d - Delayed Fireball               Conjuration/Fire             7
   Trog disapproves of the use of such an item.
 x - a book of Transfigurations

   Spells                             Type                      Level
   a - Irradiate                      Conjuration/Transmutation    5
   b - Statue Form                    Transmutation/Earth          6
   c - Hydra Form                     Transmutation                6
   d - Dragon Form                    Transmutation                7
   Trog disapproves of the use of such an item.
 C - a book of Misfortune

   Spells                             Type                      Level
   a - Confusing Touch                Hexes                        1
   b - Confuse                        Hexes                        3
   c - Gell's Gravitas                Hexes/Translocation          3
   d - Petrify                        Transmutation/Earth          4
   e - Metabolic Englaciation         Hexes/Ice                    5
   f - Yara's Violent Unravelling     Hexes/Transmutation          5
   Trog disapproves of the use of such an item.
 O - a book of Changes

   Spells                             Type                      Level
   a - Beastly Appendage              Transmutation                1
   b - Sticks to Snakes               Transmutation                2
   c - Spider Form                    Transmutation/Poison         3
   d - Ice Form                       Ice/Transmutation            4
   e - Blade Hands                    Transmutation                5
   Trog disapproves of the use of such an item.
 Q - a book of Dreams

   Spells                             Type                      Level
   a - Ensorcelled Hibernation        Hexes/Ice                    2
   b - Silence                        Hexes/Air                    5
   c - Darkness                       Hexes                        6
   d - Shadow Creatures               Summoning                    6
   Trog disapproves of the use of such an item.
 V - a book of Conjurations

   Spells                             Type                      Level
   a - Magic Dart                     Conjuration                  1
   b - Searing Ray                    Conjuration                  2
   c - Dazzling Spray                 Conjuration/Hexes            3
   d - Fulminant Prism                Conjuration/Hexes            4
   e - Iskenderun's Mystic Blast      Conjuration                  4
   f - Iskenderun's Battlesphere      Conjuration/Charms           5
   Trog disapproves of the use of such an item.
Miscellaneous
 R - 2 boxes of beasts
Comestibles
 b - 5 bread rations
 k - 3 slices of pizza
 m - 8 beef jerkies
 p - 34 fruits
 z - 10 meat rations
 W - 8 royal jellies


   Skills:
 + Level 12.5 Fighting
 + Level 14.9 Polearms
 + Level 10.3 Dodging
 + Level 6.4 Stealth
 + Level 13.4 Shields


You had 13 spell levels left.
You didn't know any spells.

Dungeon Overview and Level Annotations

Branches:
Dungeon (12/15)            Temple (0/1) D:6            Lair (6/6) D:11
 Shoals (0/4) Lair:4        Snake (0/4) Lair:4        Slime (0/5) Lair:6
    Orc (0/2) D:12

Altars:
Ashenzari
Dithmenos
Fedhas
Hepliaklqana
Nemelex Xobeh
Qazlal
Sif Muna
Trog
Uskayaw
Vehumet
Xom
Yredelemnul

Shops:
D:5 (   D:7 (   D:11 [

Annotations:
Lair:6 1 runed door


Innate Abilities, Weirdness & Mutations

You can spit globs of burning liquid.
You can ignite nearby creatures when you spit burning liquid.
Your weird mottled scales are hard. (AC +8)
You cannot fit into any form of body armour.
You are cold-blooded and may be slowed by cold attacks.
You possess an exceptional clarity of mind.
Your mind is acute. (Int +2)


Message History

The black mamba misses you. The spiny frog stings you!
* * * LOW HITPOINT WARNING * * *
As you read the scroll of teleportation, it crumbles to dust.
You feel strangely unstable.
You feel sick. You block the black mamba's attack.
The guardian serpent hits you but does no damage.
The black mamba barely misses you. You block the spiny frog's attack.
The wolf spider misses you. You block the wolf spider's attack.
The black mamba bites you but does no damage.
The spiny frog misses you.
The guardian serpent closely misses you.
The black mamba misses you. The spiny frog closely misses you.
You barely miss the black mamba.
You feel sick. The black mamba misses you. The wolf spider hits you!
* * * LOW HITPOINT WARNING * * *
You block the wolf spider's attack.
The guardian serpent coils itself and waves its upper body at you.
You resist with almost no effort. The black mamba bites you!
* * * LOW HITPOINT WARNING * * *
The spiny frog stings you!!
You die...

......##...#....#...## ..........
.PP....##..##..##..## ...P.......
........##..#..#.[## ..........
.###.....#..####.## #P......
...###.....####### # ##......
.....###.[)##..## #.. #......
..P....###.#[...####...$ #.....#
.........###..PsSS.....? #.....#
.........# #...F@F.....? #......
.......### #...S####...$ #......
.....### ##......### . #......
.P.### #####..#(..### ##......
.### ##.# ##.##....###.......
.P.. ##).# #.(##......P.....#
.P.. ##..##..##..##.....P......
......##...#....#...##...........
.....##...##....##...##..........


You could see a wolf spider, a guardian serpent, 2 black mambas and 2 spiny
frogs.

Vanquished Creatures
  Kirke (Lair:4)
  Josephine (D:12)
  A minotaur (Lab)
  5 hydras
  An alligator (Lair:5)
  The ghost of Atlantean the Blocker, a journeyman GrFi of Okawaru (Lair:1)
  2 hill giants (D:11)
  A swamp dragon (Lair:5)
  2 orc knights (D:7)
  A lindwurm (Lair:6)
  A manticore (D:12)
  A cyclops (D:11)
  The ghost of Ratatosk the Chiller, a novice KoIE (D:4)
  5 elephants (Lair:3)
  8 black mambas
  6 torpor snails (Lair:6)
  9 spiny frogs
  7 rime drakes
  6 komodo dragons
  4 trolls
  A queen bee (D:11)
  11 hornets
  A two-headed ogre (D:8)
  4 tyrant leeches (Lair:6)
  A minotaur skeleton (Lab)
  6 slime creatures
  26 blink frogs
  12 hippogriffs
  7 wyverns
  2 vampires (D:12)
  6 wraiths (D:12)
  A hog (Lair:4)
  48 yaks
  2 basilisks
  8 hungry ghosts
  Grum (D:11)
  A steam dragon (D:12)
  7 nagas (Lair:4)
  4 swamp worms (Lair:5)
  18 wargs
  2 hell hounds (D:11)
  10 porcupines
  12 water moccasins
  A swamp drake (Lair:5)
  3 ice beasts
  14 orc warriors
  3 eyes of draining
  A necrophage (D:8)
  4 ogres
  3 phantoms
  19 wolves
  7 centaurs
  11 crocodiles
  3 big kobolds
  10 bullfrogs
  A wyvern zombie (D:10)
  A scorpion (D:8)
  33 killer bees
  A wyvern skeleton (D:6)
  3 electric eels
  8 wights
  5 howler monkeys
  8 crimson imps
  3 bullfrog zombies
  A centaur zombie (D:9)
  A jelly (D:10)
  A gnoll shaman (D:6)
  13 orc priests
  5 hounds
  A centaur skeleton (D:7)
  4 iguanas
  19 orc wizards
  18 worker ants
  A hound zombie (D:7)
  A hound skeleton (D:8)
  Robin (D:3)
  13 gnolls (D:6)
  15 adders
  A river rat (Lair:6)
  5 shadow imps
  2 oozes
  2 adder skeletons
  3 worms (D:2)
  4 dart slugs
  3 leopard geckos
  69 orcs
  A ball python (D:3)
  A giant cockroach (D:3)
  9 goblins
  10 hobgoblins
  12 quokkas
  5 bats
  6 frilled lizards
  23 kobolds
  A leopard gecko skeleton (D:3)
  A quokka skeleton (D:6)
  9 rats
658 creatures vanquished.

Vanquished Creatures (others)
  A yak (Lair:6)
  A kobold (D:8)
  15 fungi (Lair:6)
  26 plants (Lair:6)
43 creatures vanquished.

Grand Total: 701 creatures vanquished

Notes
Turn   | Place    | Note
-------+----------+-------------------------------------------
     0 | D:1      | galech the Draconian Berserker began the quest for the Orb.
     0 | D:1      | Reached XP level 1. HP: 19/19 MP: 1/1
   787 | D:1      | Reached XP level 2. HP: 26/26 MP: 2/2
  1084 | D:2      | Reached XP level 3. HP: 13/31 MP: 3/3
  1297 | D:2      | Found a sparkling altar of Nemelex Xobeh.
  1808 | D:2      | Reached ** piety under Trog
  1885 | D:2      | Found a basalt altar of Yredelemnul.
  2061 | D:2      | Reached skill level 4 in Polearms
  2240 | D:3      | Reached XP level 4. HP: 40/40 MP: 4/4
  2282 | D:3      | Noticed a bullfrog
  2295 | D:3      | Killed a bullfrog
  2295 | D:3      | Reached skill level 1 in Stealth
  2414 | D:3      | Noticed Robin
  2446 | D:3      | Killed Robin
  2446 | D:3      | Reached XP level 5. HP: 29/46 MP: 5/5
  2814 | D:3      | Found a faded altar of an unknown god.
  2922 | D:3      | Reached skill level 5 in Polearms
  3171 | D:3      | Reached *** piety under Trog
  3243 | D:3      | Found a hide-covered altar of Uskayaw.
  3772 | D:4      | Reached skill level 1 in Shields
  3772 | D:4      | Reached XP level 6. HP: 43/52 MP: 6/6
  3777 | D:4      | Noticed Ratatosk's ghost (novice KoIE)
  4361 | D:4      | Killed Ratatosk's ghost
  4361 | D:4      | Your scales start taking on a weird mottled colour.
  4361 | D:4      | Reached XP level 7. HP: 60/60 MP: 7/7
  4524 | D:4      | Reached skill level 6 in Polearms
  4943 | D:4      | Found a shadowy altar of Dithmenos.
  5476 | D:5      | Entered Level 5 of the Dungeon
  5645 | D:5      | Found Nuwud's Antique Weapon Boutique.
  5689 | D:5      | Found a shimmering altar of Xom.
  5760 | D:5      | Found a hazy altar of Hepliaklqana.
  5897 | D:5      | Reached skill level 5 in Fighting
  5938 | D:5      | Reached XP level 8. HP: 68/68 MP: 8/8
  6145 | D:6      | Found a shattered altar of Ashenzari.
  6148 | D:6      | Found a radiant altar of Vehumet.
  6149 | D:6      | Found a stormy altar of Qazlal.
  6168 | D:6      | Reached skill level 7 in Polearms
  6523 | D:6      | Reached **** piety under Trog
  6551 | D:6      | Reached skill level 5 in Dodging
  6973 | D:6      | Found a hide-covered altar of Uskayaw.
  7013 | D:6      | Found a staircase to the Ecumenical Temple.
  7231 | D:6      | Reached skill level 8 in Polearms
  7406 | D:6      | Reached skill level 5 in Shields
  7562 | D:7      | Reached XP level 9. HP: 75/75 MP: 9/9
  8391 | D:7      | Found Cyl Dyaw's Antique Weapon Boutique.
  8902 | D:7      | Reached skill level 9 in Polearms
  8952 | D:7      | Noticed a moth of wrath
  8983 | D:7      | Found a bloodstained altar of Trog.
  9266 | D:7      | Reached XP level 10. HP: 33/84 MP: 10/10
 10026 | D:6      | Reached skill level 10 in Polearms
 10088 | D:7      | HP: 4/86 [slime creature (15)]
 10879 | D:7      | Reached ***** piety under Trog
 11084 | D:7      | Received a gift from Trog
 11117 | D:7      | Noticed an orc knight
 11126 | D:7      | Noticed an orc knight
 11128 | D:7      | Killed an orc knight
 11273 | D:7      | Killed an orc knight
 11461 | D:7      | Reached skill level 11 in Polearms
 11671 | D:7      | Found a blossoming altar of Fedhas.
 11787 | D:8      | Reached XP level 11. HP: 67/94 MP: 11/11
 12545 | D:8      | Found a deep blue altar of Sif Muna.
 13049 | D:10     | Entered Level 10 of the Dungeon
 13962 | D:10     | You fall through a shaft for 2 floors!
 14004 | D:12     | Got a pitted whip
 14005 | D:12     | Identified the +2 whip "Burchezed" {freeze, Dex+2} (You found it on level 12 of the Dungeon)
 14208 | D:12     | Received a gift from Trog
 14224 | D:11     | Found a staircase to the Lair.
 14855 | D:11     | Reached skill level 12 in Polearms
 14893 | D:11     | Noticed a hill giant
 14904 | D:11     | Killed a hill giant
 15135 | D:11     | Reached XP level 12. HP: 105/105 MP: 12/12
 15189 | D:11     | Noticed Grum
 15216 | D:11     | Killed Grum
 15371 | D:11     | Reached skill level 10 in Shields
 15386 | D:11     | Received a gift from Trog
 15708 | D:11     | Found Anoufesi's Armour Shop.
 16319 | D:12     | Found a staircase to the Orcish Mines.
 16323 | D:12     | Noticed Josephine
 16346 | D:12     | Killed Josephine
 16346 | D:12     | Reached skill level 13 in Polearms
 16436 | D:12     | Reached skill level 10 in Fighting
 17336 | Lair:1   | Entered Level 1 of the Lair of Beasts
 17383 | Lair:1   | Received a gift from Trog
 17726 | Lair:1   | Got a twisted flail
 17727 | Lair:1   | Identified the +6 flail of the Vase {crush, rN+} (You found it on level 1 of the Lair of Beasts)
 17798 | Lair:1   | Reached XP level 13. HP: 79/113 MP: 13/13
 17817 | Lair:1   | Noticed Atlantean's ghost (journeyman GrFi)
 17832 | Lair:1   | Killed Atlantean's ghost
 17986 | Lair:1   | Reached skill level 5 in Stealth
 18603 | Lair:2   | Found a labyrinth entrance.
 18614 | Lab      | Entered a labyrinth
 20846 | Lab      | Noticed a minotaur
 20853 | Lab      | Killed a minotaur
 20858 | Lab      | Identified the Handbook of Air and Shape Shifting
 20858 | Lab      | Identified the Grimoire of Bewitching Heat
 21469 | Lair:3   | You fall through a shaft!
 21660 | Lair:3   | Reached skill level 14 in Polearms
 22733 | Lair:4   | Found a staircase to the Shoals.
 22736 | Lair:4   | Noticed Kirke
 22753 | Lair:4   | Killed Kirke
 23001 | Lair:4   | Received a gift from Trog
 23223 | Lair:4   | Found a staircase to the Snake Pit.
 24052 | Lair:5   | Reached XP level 14. HP: 90/124 MP: 14/14
 24728 | Lair:5   | Gained mutation: You possess an exceptional clarity of mind. [potion of mutation]
 24728 | Lair:5   | Gained mutation: Your mind is acute. (Int +2) [potion of mutation]
 25116 | Lair:6   | Entered Level 6 of the Lair of Beasts
 25509 | Lair:6   | Found a staircase to the Slime Pits.
 25728 | Lair:6   | Received a gift from Trog
 25738 | Lair:6   | Reached skill level 10 in Dodging
 26264 | Lair:6   | Received a gift from Trog
 26692 | Lair:6   | Found a runed door.
 27393 | Lair:6   | Paralysed by a hornet for 1 turns
 27880 | Lair:6   | Paralysed by a hornet for 1 turns
 28048 | Lair:6   | Mangled by a spiny frog

Skill      XL: |  1  2  3  4  5  6  7  8  9 10 11 12 13 14 |
---------------+-------------------------------------------+-----
Dodging        | 3 4 5 6 7 8 9 10 | 10.3
Polearms       | 4 5 6 8 9 11 12 13 14 | 14.9
Fighting       | 4 5 6 8 9 10 11 12 | 12.5
Stealth        | 1 2 3 4 6 |  6.4
Shields        | 1 2 3 5 6 8 9 11 12 13 | 13.4

Action                   |  1- 3 |  4- 6 |  7- 9 | 10-12 | 13-15 || total
-------------------------+-------+-------+-------+-------+-------++-------
Melee: Spear             |   137 |   196 |       |       |       ||   333
       Tailslap          |    12 |    31 |    49 |   126 |   161 ||   379
       Trident           |       |    13 |   495 |  1097 |   656 ||  2261
       Demon trident     |       |       |       |       |   244 ||   244
Throw: Javelin           |       |       |       |     2 |       ||     2
Invok: Berserk           |     1 |     2 |     5 |     8 |     8 ||    24
       Trog's Hand       |       |       |     3 |     5 |     7 ||    15
 Abil: Breathe Sticky Fl |       |       |     1 |       |       ||     1
  Use: Scroll            |       |       |    12 |    11 |    10 ||    33
       Potion            |       |       |       |       |     5 ||     5
 Stab: Sleeping          |     1 |       |     7 |    11 |    10 ||    29
       Distracted        |     1 |       |       |     2 |     3 ||     6
  Eat: Chunk             |    13 |    12 |    21 |    54 |    42 ||   142
       Bread ration      |       |       |       |       |     1 ||     1
Armor: Skin              |    19 |    48 |    78 |    93 |    71 ||   309
Dodge: Dodged            |    51 |    60 |   125 |   284 |   244 ||   764
Block: Large shield      |       |   115 |   270 |   680 |   579 ||  1644
